 Dungeon Crawl Stone Soup version 0.31.0-1-g2c135a008e (webtiles) character file.

Game seed: 9392427567159490235

46 qw the Shooter (level 3, -2/29 HPs)
             Began as a Djinni Hunter on Jan 24, 2024.
             Slain by a gnoll
             ... wielding a +0 halberd
             ... led by a gnoll bouda
              (12 damage)
             ... on level 4 of the Dungeon.
             The game lasted 00:00:04 (1321 turns).

qw the Shooter (Djinni Hunter)                      Turns: 1321, Time: 00:00:05

Health: -2/29      AC:  6    Str:  9    XL:     3   Next: 95%
Gold:   90         EV: 11    Int:  9    God:
                   SH:  0    Dex: 28

rFire   + + +        a - +0 shortbow
rCold   x . .        (shield currently unavailable)
rNeg    . . .        b - +0 ring mail
rPois   inf          (helmet restricted)
rElec   .            d - +0 cloak
rCorr   .            (no gloves)
SInv    .            (boots unavailable)
Will    .....        (no amulet) Stlth
                     j - +6 ring of dexterity
HPRegen 0.24/turn    (no ring)
MPRegen 0.00/turn

%: infuse magic (-3 HP)
@: confused, flying
A: sickness immunity, fire resistance 3, cold vulnerability 1, float, innate
caster, HP casting, extra vitality 1, horns 1, agile 1
a: no special abilities


You were on level 4 of the Dungeon.
You visited 1 branch of the dungeon, and saw 3 of its levels.

You collected 90 gold pieces.


Innate Abilities, Weirdness & Mutations

You are immune to sickness and miasma.
You are immune to poison.
Your flesh is almost immune to the effects of heat. (rF+++)
You are vulnerable to cold. (rC-)
You float through the air rather than walking.
You learn spells naturally, not from books.
Your magical power is your life essence.
You have superior vitality. (+4 MHP)
You have a pair of small horns on your head.
You are agile. (Dex +4, Str/Int -1)


   Skills:
 - Level 2.4 Fighting
 - Level 4.0 Ranged Weapons
 - Level 1.0 Armour
 + Level 2.3 Dodging
 - Level 0.7 Stealth


You knew the following spells:

 Your Spells              Type           Power      Damage    Failure   Level
a - Necrotise             Necr           0%         1d4       75%         1
Your spell library was empty.

Inventory:

Hand Weapons
 a - a +0 shortbow (weapon)
Armour
 b - a +0 ring mail (worn)
 d - a +0 cloak (worn)
Jewellery
 j - a +6 ring of dexterity (left hand)
Wands
 i - a wand of charming (13)
Potions
 c - a potion of invisibility
 f - a potion of cancellation

Dungeon Overview and Level Annotations

Branches:
Dungeon (4/15)             Temple (0/1) D:4

Altars:

Annotations:
D:4 Ijyb


Message History

You are sucked into a shaft and drop 2 floors!
The shaft crumbles and collapses.
You hear the sound of rushing water.
There is an entrance to a sewer on this level.
Hurry and find it before the portal rusts away!
Found a staircase to the Ecumenical Temple.
Waypoint 2 assigned to D:4.
Enter note:
Enter note:
1301 ||| PLANNING SEWER
Found a stone staircase leading down.
Ijyb, an endoplasm, a gnoll bouda and 2 gnolls come into view.
Ijyb is wielding a +0 club and carrying a wand of charming.
Found a ruby potion and a cyan potion.
Ijyb shouts!
The gnoll shouts! x2; You hear a shout!
The endoplasm quivers.
Enter note:
Enter note:
1315 ||| RETREEEEATING.
You shoot an arrow.
The arrow hits the gnoll but does no damage.
You shoot an arrow. The arrow hits the gnoll.
The gnoll is heavily wounded.
The gnoll hits you but does no damage.
You shoot an arrow. The arrow hits the gnoll!
You kill the gnoll!
The gnoll closely misses you.
Ijyb zaps a wand.
You resist with some effort.
The gnoll hits you from afar with a +0 halberd!
You shoot an arrow. The arrow hits Ijyb.
Ijyb is lightly wounded.
The gnoll hits you from afar with a +0 halberd.
Ijyb zaps a wand.
Your will is overpowered!
You are confused.
1320 ||| DRINKING white potion.
It was a potion of mutation.
You feel extremely strange. A pair of horns grows on your head!
You feel agile.
You feel more resistant to heat.
The gnoll hits you from afar with a +0 halberd.
Ijyb misses you.
The gnoll hits you from afar with a +0 halberd!
You die...

.#...## ...J...
>...!g ..... #..g
#... ...#..J######
#....gg@...##
...#######8.8#######
..0............#
..0.........0..#
...0.........0.#
....0..........#
...............#
.00............#
...............#


You could see Ijyb, a gnoll and an endoplasm.

Vanquished Creatures
  A gnoll (D:4)
  2 ribbon worms (D:2)
  3 ball pythons
  An endoplasm (D:2)
  2 giant cockroaches (D:2)
  4 hobgoblins
  4 jackals (D:1)
  2 kobolds (D:1)
  A quokka (D:1)
  3 bats
  A frilled lizard (D:2)
  2 goblins (D:1)
  5 rats
31 creatures vanquished.

Notes
Turn   | Place    | Note
-------+----------+-------------------------------------------
     0 | D:1      | qw the Djinni Hunter began the quest for the Orb.
     0 | D:1      | Reached XP level 1. HP: 18/18 MP: 0/0
     0 | D:1      | 0 ||| qw: Version: 0.3-a-136-gdd3b4e8
     0 | D:1      | 0 ||| qw: Game counter: 1331
     0 | D:1      | 0 ||| qw: Melee chars always use a shield: true
     0 | D:1      | 0 ||| qw: God list: Okawaru
     0 | D:1      | 0 ||| qw: Allow faded altars: false
     0 | D:1      | 0 ||| qw: Do Orc after clearing Dungeon:15 true
     0 | D:1      | 0 ||| qw: Do second Lair branch before Depths: true
     0 | D:1      | 0 ||| qw: Lair rune preference: random
     0 | D:1      | 0 ||| qw: Goals: Normal
     0 | D:1      | 0 ||| PLANNING D:1-11
    65 | D:1      | Reached XP level 2. HP: 21/23 MP: 0/0
   662 | D:1      | 662 ||| UPGRADING to +6 ring of dexterity.
   663 | D:1      | 663 ||| READING 3 scrolls labelled HALUSE HOYPHUSO.
   764 | D:1      | 764 ||| READING scroll labelled JILEDU WUCLEDD.
   765 | D:1      | 765 ||| READING scroll labelled WURRODGH WEFOQ.
   766 | D:1      | 766 ||| READING scroll labelled CIZUNT ZOIC.
   766 | D:1      | 766 ||| IDENTIFYING red potion
   767 | D:1      | 767 ||| READING scroll labelled HAREH MAZXO.
   772 | D:1      | 772 ||| DROPPING scroll of butterflies.
   773 | D:1      | 773 ||| DROPPING 2 scrolls of vulnerability.
   789 | D:2      | 789 ||| STAIRDANCE
   796 | D:1      | Reached XP level 3. HP: 27/28 MP: 0/0
   796 | D:1      | Learned a level 1 spell: Necrotise
   840 | D:2      | 840 ||| UPGRADING to +0 ring mail.
   861 | D:2      | Reached skill level 4 in Ranged Weapons
   920 | D:2      | 920 ||| DROPPING +0 leather armour.
   969 | D:2      | 969 ||| UPGRADING to +0 cloak.
  1154 | D:2      | Reached skill level 1 in Armour
  1239 | D:2      | 1239 ||| DROPPING ring of wizardry.
  1240 | D:2      | 1240 ||| READING scroll of identify.
  1240 | D:2      | 1240 ||| IDENTIFYING metallic orange potion
  1241 | D:2      | 1241 ||| READING scroll labelled ITIURGH SETRO.
  1300 | D:2      | You are sucked into a shaft and drop 2 floors!
  1300 | D:4      | Found a staircase to the Ecumenical Temple.
  1301 | D:4      | 1301 ||| PLANNING SEWER
  1314 | D:4      | Noticed Ijyb
  1315 | D:4      | 1315 ||| RETREEEEATING.
  1320 | D:4      | 1320 ||| DRINKING white potion.
  1320 | D:4      | Gained mutation: You have a pair of small horns on your
                  | head. [potion of mutation]
  1320 | D:4      | Gained mutation: You are agile. (Dex +4, Str/Int -1)
                  | [potion of mutation]
  1320 | D:4      | Gained mutation: Your flesh is almost immune to the effects
                  | of heat. (rF+++) [potion of mutation]
  1321 | D:4      | Slain by a gnoll

Levels and vault maps discovered:
D:1:      dpeg_arrival_signposts, layout_basic
D:2:      layout_rooms, serial_glass, glass_columns_a, glass_columns_a,
          glass_columns_a, glass_columns_a, glass_columns_c, glass_columns_b,
          glass_columns_c, glass_columns_c
D:4:      layout_cave_pools, lemuel_temple_firewalk_b, portal_sewer_entry_c,
          minmay_distorted, uniq_menkaure, uniq_ijyb

Skill      XL: |  1  2  3 |
---------------+----------+-----
Ranged Weapons | 4 |  4.0
Armour         | 1 |  1.0
Fighting       | |  2.4
Dodging        | |  2.3
Stealth        | |  0.7

Action                     || total
---------------------------++-------
   Fire: Shortbow          ||    86
    Use: Scroll            ||     7
         Potion            ||     1
 Armour: Leather armour    ||    10
         Ring mail         ||     9
         Skin              ||     1
  Dodge: Dodged            ||    40

Table legend:
 A = Non-vault XP
 B = Vault XP
 C = Vault XP percentage of total XP
 D = Non-vault monster count
 E = Vault monster count
 F = Vault count percentage of total count
                 A         B        C        D         E       F
            +---------+---------+-------+---------+---------+-------
      Total |      67 |       0 |   0.0 |      31 |       0 |   0.0
            +---------+---------+-------+---------+---------+-------
        D:1 |      29 |       0 |   0.0 |      17 |       0 |   0.0
        D:2 |      24 |       0 |   0.0 |      13 |       0 |   0.0
        D:4 |      14 |       0 |   0.0 |       1 |       0 |   0.0
            +---------+---------+-------+---------+---------+-------
